 Dungeon Crawl Stone Soup version 0.29-a0-72-g1732ff48e7 (webtiles) character file.

Game seed: 16041920251324244659

28 HallandMoats the Skirmisher (level 3, -1/20 HPs)
             Began as a Vine Stalker Fighter on Feb 3, 2022.
             Slain by a rat (2 damage)
             ... on level 1 of the Dungeon.
             The game lasted 00:01:43 (631 turns).

HallandMoats the Skirmisher (Vine Stalker Fighter)   Turns: 631, Time: 00:01:43

Health: -1/20      AC:  6    Str: 20    XL:     3   Next: 14%
Magic:  0/4        EV:  9    Int:  8    God:
Gold:   0          SH:  4    Dex: 13    Spells: 2/2 levels left

rFire   . . .      SeeInvis .   a - +0 trident
rCold   . . .      Faith    .   c - +0 buckler
rNeg    . . .      Spirit   +   b - +0 scale mail
rPois   .          Reflect  .   (no helmet)
rElec   .          Harm     .   (no cloak)
rCorr   .          Rampage  .   (no gloves)
Will    .....                   (no boots)
Stlth   ..........              (no amulet)
HPRegen 0.06/turn               (no ring)
MPRegen 0.09/turn               (no ring)

@: no status effects
A: fangs 2, magic shield, antimagic bite, no potion heal 2
a: no special abilities


You were on level 1 of the Dungeon.
You visited 1 branch of the dungeon, and saw 1 of its levels.

Inventory:

Hand Weapons
 a - a +0 trident (weapon)
Armour
 b - a +0 scale mail (worn)
 c - a +0 buckler (worn)
Scrolls
 e - a scroll of immolation {unknown}
 f - a scroll of identify {unknown}
 g - a scroll of teleportation {unknown}
Potions
 d - a potion of might


   Skills:
 * Level 3.0 Fighting
 * Level 2.2 Polearms
 + Level 2.5 Armour
 + Level 0.4 Dodging
 + Level 2.8 Shields
 * Level 1.0 Invocations


You had 2 spell levels left.
You didn't know any spells.
Your spell library contained the following spells:

 Spells                   Type           Power      Damage    Failure   Level
 Summon Small Mammal      Summ           0%         N/A       86%         1
 Call Canine Familiar     Summ           0%         N/A       99%         3
 Summon Guardian Golem    Hex/Summ       0%         N/A       99%         3


Dungeon Overview and Level Annotations

Branches:
Dungeon (1/15)

Altars:
Ru


Innate Abilities, Weirdness & Mutations

You have extremely sharp teeth.
When hurt, damage is shared between your health and your magic reserves.
Your bite disrupts and absorbs the magic of your enemies.
Potions cannot restore your health.


Message History

You block the jackal's attack.
The jackal bites you but does no damage.
The jackal bites you. The jackal closely misses you. The rat bites you.
The kobold closely misses you. The jackal closely misses you.
You block the jackal's attack. The rat barely misses you.
The kobold closely misses you.
The jackal bites you but does no damage.
The jackal barely misses you. The rat bites you but does no damage.
The jackal completely misses you. The kobold hits you but does no damage.
The jackal bites you but does no damage.
The jackal bites you but does no damage.
The jackal barely misses you. The rat bites you but does no damage.
You block the kobold's attack.
The jackal bites you but does no damage. x2
You block the rat's attack. The kobold barely misses you.
The jackal closely misses you.
The jackal bites you but does no damage.
The jackal barely misses you. x2; The rat misses you.
The kobold hits you but does no damage. The jackal bites you.
The jackal barely misses you. The rat barely misses you.
The kobold hits you with a +0 short sword.
You block the jackal's attack. The jackal bites you.
* * * LOW HITPOINT WARNING * * *
The rat bites you.
* * * LOW HITPOINT WARNING * * *
The jackal barely misses you. The kobold barely misses you.
The jackal closely misses you.
The jackal barely misses you. x2; The rat closely misses you.
The kobold hits you with a +0 short sword.
* * * LOW HITPOINT WARNING * * *
The jackal bites you but does no damage. x2
The rat barely misses you.
A dart slug comes into view.
You block the kobold's attack. The jackal closely misses you.
You block the jackal's attack. You block the jackal's attack.
The jackal bites you but does no damage.
The rat bites you.
You die...

#.........# #.#
#..... #.........#
#.# #.....
#.........#
#.########
#.........#
#.##......
###.........#
#.########
..w........†# #.#
............# #.#
........hr._#####.#
.......Jh@^.'.....#
###...!.K...#######
# ########### # # #
# # # #


You could see a dart slug, an endoplasm, 2 jackals, a kobold and a rat.

Vanquished Creatures
  3 dart slugs (D:1)
  3 ball pythons (D:1)
  4 bats (D:1)
  2 endoplasms (D:1)
  A giant cockroach (D:1)
  A goblin (D:1)
  A hobgoblin (D:1)
  A quokka (D:1)
  A frilled lizard (D:1)
  4 rats (D:1)
21 creatures vanquished.

Notes
Turn   | Place    | Note
-------+----------+-------------------------------------------
     0 | D:1      | HallandMoats the Vine Stalker Fighter began the quest for
                  | the Orb.
     0 | D:1      | Reached XP level 1. HP: 11/11 MP: 2/2
    73 | D:1      | Reached XP level 2. HP: 14/16 MP: 3/3
   483 | D:1      | Reached skill level 1 in Invocations
   500 | D:1      | Reached XP level 3. HP: 19/19 MP: 4/4
   543 | D:1      | Reached skill level 3 in Fighting
   590 | D:1      | Found a faded altar of an unknown god.
   593 | D:1      | Prayed at the altar of an unknown god.
   593 | D:1      | Became a worshipper of Ru the Awakened
   607 | D:1      | Fell from the grace of Ru
   629 | D:1      | HP: 1/20 [kobold (3)]
   631 | D:1      | Slain by a rat

Illustrated notes

Levels and vault maps discovered:
D:1:      minmay_arrival_solitary_statue, layout_basic, basic_ecumenical_altar

Skill      XL: |  1  2  3 |
---------------+----------+-----
Polearms       | 2 |  2.2
Invocations    | 1 |  1.0
Fighting       | 3 |  3.0
Armour         | |  2.5
Dodging        | |  0.4
Shields        | |  2.8

Action                   || total
-------------------------++-------
Melee: Trident           ||    55
       Bite              ||    11
Invok: Renounce Religion ||     1
Armor: Scale mail        ||    49
Dodge: Dodged            ||    42
Block: Buckler           ||    21

Table legend: (Time is in decaauts)
 A = Elapsed time spent in this place.
 B = Non-inter-level travel time spent in this place.
 C = Inter-level travel time spent in this place.
 D = Time resting spent in this place.
 E = Time spent auto-exploring this place.
 F = Levels seen in this place.
 G = Mean time per level.
                   A        B        C        D        E       F      G
               +--------+--------+--------+--------+--------+-----+--------+
         Total |    643 |    592 |     51 |      0 |    450 |   1 |  643.0 |
       Dungeon |    643 |    592 |     51 |      0 |    450 |   1 |  643.0 |
               +--------+--------+--------+--------+--------+-----+--------+

Top non-repeatable levels by time:
     D:1: 643 daAuts
